 Dungeon Crawl Stone Soup version 0.27-a0-1532-gca18f49f40 (webtiles) character file.

Game seed: 14316130984482354784

119 robertstho the Magician (level 5, -2/35 HPs)
             Began as a Djinni Fire Elementalist on July 12, 2021.
             Shot with a stone by a goblin (3 damage)
             ... on level 3 of the Dungeon.
             The game lasted 00:03:40 (4112 turns).

robertstho the Magician (Djinni Fire Elementalist)  Turns: 4112, Time: 00:03:40

Health: -2/35      AC:  2    Str:  7    XL:     5   Next: 23%
Gold:   70         EV: 12    Int: 23    God:
                   SH:  0    Dex: 14

rFire    + + .     SeeInvis .   h - +1 hand axe (freeze)
rCold    x . .     Faith    .   (no shield)
rNeg     . . .     Spirit   .   m - +0 robe {Will+}
rPois    ∞         Reflect  .   (no helmet)
rElec    .         Harm     .   (no cloak)
rCorr    .         Rampage  .   (no gloves)
Will     +....                  (boots unavailable)
Stlth    ++........             (no amulet)
HPRegen  0.11/turn              f - +6 ring of intelligence
MPRegen  0.00/turn              (no ring)

@: flying
A: sickness immunity, fire resistance 2, cold vulnerability 1, float, innate
caster, hp casting, extra vitality 1
a: no special abilities


You were on level 3 of the Dungeon.
You visited 1 branch of the dungeon, and saw 3 of its levels.

You collected 70 gold pieces.

Inventory:

Hand Weapons
 h - a +1 hand axe of freezing (weapon)
Armour
 m - a +0 robe of willpower (worn)
Jewellery
 f - a +6 ring of intelligence (left hand)
Scrolls
 c - 7 scrolls of identify {unknown}
 d - a scroll of immolation {unknown}
 e - a scroll of brand weapon {unknown}
 g - a scroll of torment {unknown}
 j - a scroll of magic mapping {unknown}
 l - 2 scrolls of enchant weapon {unknown}
Potions
 b - a potion of invisibility {unknown}
 i - a potion of ambrosia {unknown}
 k - a potion of flight {unknown}


   Skills:
 + Level 2.6 Dodging
 + Level 2.1 Stealth
 + Level 4.0 Spellcasting


You couldn't memorise any spells.
You knew the following spells:

 Your Spells              Type           Power      Damage    Failure   Level
a - Foxfire               Conj/Fire      92%        2x1d8     1%          1
b - Conjure Flame         Conj/Fire      23%        6-21      6%          3
c - Inner Flame           Hex/Fire       23%        N/A       6%          3
d - Sticky Flame          Conj/Fire      23%        2d4       21%         4
e - Fireball              Conj/Fire      11%        3d7       50%         5
f - Sting                 Tmut/Pois      92%        1d7       1%          1
g - Blink                 Tloc           N/A        N/A       3%          2
Your spell library was empty.

Dungeon Overview and Level Annotations

Branches:
Dungeon (3/15)

Altars:

Shops:
D:1 ?

Annotations:
D:3 Robin


Innate Abilities, Weirdness & Mutations

You are immune to sickness and miasma.
You are immune to poison.
Your flesh is very heat resistant. (rF++)
You are vulnerable to cold. (rC-)
You float through the air rather than walking.
You learn spells naturally, not from books.
Your magical power is your life essence.
You have superior vitality. (+4 HP)


Message History

Robin is almost dead.
The foxfire hits Robin.
Robin is almost dead.
The goblin hits you with a +0 club.
* * * LOW HITPOINT WARNING * * *
Unknown command.
The goblin no longer looks unusually strong.
The goblin barely misses you.
There is an open door here.
You see here a jackal corpse.
Robin throws the goblin at you! The goblin closely misses you.
You see here a rat corpse.
Casting: Foxfire (safe; 1% risk of failure)
Press: ? - help, Q - select action, (/) - cycle Dir - look around, f - activate You conjure some foxfire!
* * * LOW HITPOINT WARNING * * *
Robin roars a battlecry!
The goblin goes into a battle-frenzy!
The foxfire hits the goblin.
The goblin is moderately wounded.
Your magical contamination has completely faded away.
The foxfire hits the goblin.
You kill the goblin!
Unknown command.
As you open the door, it creaks loudly!
A goblin comes into view. It is wielding a +0 hunting sling.
The goblin shouts!
The goblin shoots a stone.
The stone hits you.
* * * LOW HITPOINT WARNING * * *
The goblin unwields a +0 hunting sling.
The goblin closely misses you.
Robin roars a battlecry!
The goblin goes into a battle-frenzy!
There is an open door here.
The goblin hits you.
* * * LOW HITPOINT WARNING * * *
Robin's bangles clink loudly.
The goblin hits you but does no damage.
The goblin wields a +0 hunting sling.
The goblin shoots a stone.
The stone hits you.
You die...

#....#.## #........
#######.....###
#..............
#.#########.###
#.### #.# #
###...### ### #
###≈≈...≈≈###
##≈@≈≈...≈≈≈≈#####
#≈≈≈##+++##≈≈≈≈≈≈##
#≈≈≈# #≈≈≈≈≈≈≈##
#.g.#.....#..[..≈≈≈#
#.g.#.....#.)....≈≈#
##'##.....##'##..≈≈#
#...#.....#...#..≈≈#
#...#.....#...#..≈≈#
#)†.#.....#...# .≈≈#


You could see Robin and a goblin (strong).

Vanquished Creatures
  3 adders
  2 worms (D:2)
  2 dart slugs
  An orc (D:3)
  4 ball pythons
  6 bats
  7 endoplasms
  2 giant cockroaches
  17 goblins
  8 hobgoblins
  5 jackals (D:3)
  2 quokkas
  2 frilled lizards
  4 kobolds
  5 rats
70 creatures vanquished.

Vanquished Creatures (others)
  303 foxfires
303 creatures vanquished.

Grand Total: 373 creatures vanquished

Notes
Turn   | Place    | Note
-------+----------+-------------------------------------------
     0 | D:1      | robertstho the Djinni Fire Elementalist began the quest for
                  | the Orb.
     0 | D:1      | Reached XP level 1. HP: 15/15 MP: 0/0
   257 | D:1      | Reached XP level 2. HP: 19/21 MP: 0/0
   339 | D:1      | Found Jegh's Magic Scroll Emporium.
   968 | D:1      | Reached skill level 3 in Spellcasting
   968 | D:1      | Reached XP level 3. HP: 24/25 MP: 0/0
   968 | D:1      | Learned a level 1 spell: Sting
  1065 | D:1      | Found a faded altar of an unknown god.
  2152 | D:2      | Reached XP level 4. HP: 26/31 MP: 0/0
  3888 | D:3      | Reached XP level 5. HP: 32/35 MP: 0/0
  3888 | D:3      | Learned a level 2 spell: Blink
  4084 | D:3      | Noticed Robin
  4096 | D:3      | Reached skill level 4 in Spellcasting
  4108 | D:3      | HP: 1/35 [goblin (1)]
  4112 | D:3      | Shot with a stone by a goblin

Illustrated notes

Levels and vault maps discovered:
D:1:      minmay_arrival_shattered_statue, layout_basic, serial_shops,
          nicolae_shop_temple_entry_statues_fountains,
          ebering_ecumenical_altar_webs
D:2:      layout_basic, kennysheep_generic_room_15
D:3:      kennysheep_goblin_castle, layout_basic, serial_shops, shop,
          kennysheep_generic_room_16

Skill      XL: |  1  2  3  4  5 |
---------------+----------------+-----
Spellcasting   | 3 4 |  4.0
Stealth        | 2 |  2.1
Dodging        | |  2.6

Action                   |  1- 3 |  4- 6 || total
-------------------------+-------+-------++-------
 Cast: Foxfire           |    84 |   104 ||   188
Armor: Robe              |     1 |     5 ||     6
Dodge: Dodged            |     6 |    14 ||    20

Table legend: (Time is in decaauts)
 A = Elapsed time spent in this place.
 B = Non-inter-level travel time spent in this place.
 C = Inter-level travel time spent in this place.
 D = Time resting spent in this place.
 E = Time spent auto-exploring this place.
 F = Levels seen in this place.
 G = Mean time per level.
                   A        B        C        D        E       F      G
               +--------+--------+--------+--------+--------+-----+--------+
         Total |   4110 |   4029 |     81 |      0 |   3626 |   3 | 1370.0 |
       Dungeon |   4110 |   4029 |     81 |      0 |   3626 |   3 | 1370.0 |
               +--------+--------+--------+--------+--------+-----+--------+

Top non-repeatable levels by time:
     D:2: 1533 daAuts
     D:1: 1532 daAuts
     D:3: 1045 daAuts
